 Dungeon Crawl Stone Soup version 0.30-a0-557-ge2afbf3030 (webtiles) character file.

Game seed: 17163757694912897296

521 Sabo the Covered (level 7, -9/62 HPs)
             Began as an Armataur Fighter on Dec 27, 2022.
             Mangled by a gnoll
             ... wielding a +0 halberd
              (10 damage)
             ... on level 4 of the Dungeon.
             The game lasted 00:22:07 (3799 turns).

Sabo the Covered (Armataur Fighter)                 Turns: 3799, Time: 00:22:08

Health: -9/62      AC: 14    Str: 23    XL:     7   Next: 1%
Magic:  7/7        EV:  7    Int:  9    God:
Gold:   22         SH:  4    Dex:  9    Spells: 6/6 levels left

rFire   + . .      SeeInvis .    a - +0 war axe
rCold   . . .      Faith    .    c - +0 buckler
rNeg    . . .      Spirit   .    v - +0 scale mail of Teicepat {rF+}
rPois   .          Reflect  .    t - +0 helmet
rElec   .          Harm     .    k - +1 cloak
rCorr   +          Roll     +    (no gloves)
Will    .....                    (no barding) Stlth
                                 (no amulet)
HPRegen 0.30/turn                i - +4 ring of protection
MPRegen 0.10/turn                j - ring of resist corrosion

@: no status effects
A: large, rugged brown scales 3, deformed body, armoured tail, roll, long
tongue, awkward tongue
a: no special abilities


You were on level 4 of the Dungeon.
You visited 1 branch of the dungeon, and saw 4 of its levels.

You collected 301 gold pieces.
You spent 279 gold pieces at shops.

Inventory:

Hand Weapons
 a - a +0 war axe (weapon)
 d - a +2 quarterstaff of chaos
 e - a +1 heavy spear
 p - a +0 sling
 r - a +0 hammer
Armour
 c - a +0 buckler (worn)
 k - a +1 cloak (worn)
 t - a +0 helmet (worn)
 v - the +0 scale mail of Teicepat (worn) {rF+}
   (You bought it in a shop on level 3 of the Dungeon)

   rF:        It protects you from fire.
Jewellery
 i - a +4 ring of protection (left hand)
 j - a ring of resist corrosion (right hand)
 y - an amulet of faith
Scrolls
 b - a scroll of poison {unknown}
 m - 2 scrolls of blinking
 u - a scroll of enchant weapon {unknown}
 w - 2 scrolls of magic mapping {unknown}
 x - 3 scrolls of amnesia {unknown}
 z - a scroll of identify
Potions
 f - 2 potions of magic {unknown}
 g - a potion of degeneration {unknown}
 h - a potion of resistance {unknown}
 l - 2 potions of curing {unknown}
 n - a potion of brilliance {unknown}
 o - 2 potions of heal wounds {unknown}
 q - a potion of haste {unknown}
 s - a potion of attraction {unknown}


   Skills:
 + Level 3.7 Fighting
 + Level 4.3(4.4) Axes
 + Level 1.3(3.0) Polearms
 + Level 5.0 Armour
 + Level 1.2 Dodging
 + Level 0.5 Stealth
 + Level 4.0 Shields


You had 6 spell levels left.
You didn't know any spells.
Your spell library contained the following spells:

 Spells                   Type           Power      Damage    Failure   Level
 Magic Dart               Conj           0%         1d3       75%         1
 Searing Ray              Conj           0%         2d4       87%         2
 Fulminant Prism          Conj/Hex       0%         3d5       100%        4


Dungeon Overview and Level Annotations

Branches:
Dungeon (4/15)
 Temple: D:4-7

Altars:
Trog

Shops:
D:3 [


Innate Abilities, Weirdness & Mutations

You are completely covered in rugged brown scales. (AC +3, +7% HP)
Armour fits poorly on your strangely shaped body.
You have a long armoured tail.
You roll when moving toward enemies. (Rampage)
Your long tongue fully drains potion bottles. (2x potion effects)
Your tongue gives you trouble enunciating. (1.5x scroll delay)


Message History

A gnoll comes into view. It is wielding a +0 halberd.
The gnoll shouts!
You roll towards the gnoll!
You closely miss the gnoll. The gnoll hits you with a +0 halberd.
The gnoll barely misses you.
You slash the gnoll!
The gnoll is heavily wounded.
You hit the gnoll. You block the gnoll's attack.
The gnoll hits you but does no damage. The gnoll hits you with a +0 flail!
You hit the gnoll.
The gnoll is severely wounded.
You hit the gnoll.
The gnoll hits you from afar with a +0 halberd!
The gnoll hits you but does no damage. The gnoll hits you with a +0 halberd.
The gnoll completely misses you.
You slash the gnoll!
You kill the gnoll!
You closely miss the gnoll. The gnoll closely misses you.
The gnoll hits you with a +0 flail!
The gnoll hits you from afar with a +0 halberd!
* * * LOW HITPOINT WARNING * * *
You block the gnoll's attack. x3
You have reached level 7!
You hit the gnoll.
The gnoll is heavily wounded.
The gnoll hits you but does no damage.
The gnoll hits you from afar with a +0 spear.
* * * LOW HITPOINT WARNING * * *
The gnoll hits you but does no damage.
You roll towards the gnoll!
Found a potion of might.
You closely miss the gnoll.
Your tail-slap misses the gnoll.
You hit the gnoll. You barely miss the gnoll.
The gnoll hits you with a +0 flail!
* * * LOW HITPOINT WARNING * * *
The gnoll hits you with a +0 halberd.
* * * LOW HITPOINT WARNING * * *
The gnoll hits you but does no damage.
You closely miss the gnoll. You hit the gnoll but do no damage.
You closely miss the gnoll. The gnoll hits you with a +0 flail.
* * * LOW HITPOINT WARNING * * *
You block the gnoll's attack. The gnoll hits you with a +0 halberd!
You die...

##..#..##.........#
##....#.........#
##......#...
#..........
#....#####. #....##
##....###.
#.........
#@g.......
#....gg>..)....
#.!.............
#...............
#...............
##..............
##...#........
########.....


You could see 3 gnolls.

Vanquished Creatures
  A bullfrog (D:4)
  A necrophage (D:4)
  A hound (D:4)
  An orc priest (D:3)
  Crazy Yiuf (D:2)
  Jessica (D:2)
  Robin (D:3)
  8 gnolls
  6 adders
  5 worms
  5 dart slugs
  4 orcs (D:3)
  8 endoplasms
  A giant cockroach (D:2)
  22 goblins
  20 hobgoblins
  5 kobolds
  3 quokkas
  7 ball pythons
  3 bats
  4 frilled lizards
  15 rats
123 creatures vanquished.

Notes
Turn   | Place    | Note
-------+----------+-------------------------------------------
     0 | D:1      | Sabo the Armataur Fighter began the quest for the Orb.
     0 | D:1      | Reached XP level 1. HP: 19/19 MP: 1/1
   169 | D:1      | Reached XP level 2. HP: 26/26 MP: 2/2
   528 | D:1      | Reached skill level 4 in Armour
   567 | D:1      | Reached XP level 3. HP: 33/33 MP: 3/3
  1202 | D:2      | Reached skill level 1 in Polearms
  1273 | D:2      | Reached XP level 4. HP: 34/40 MP: 4/4
  1455 | D:2      | Found a bloodstained altar of Trog.
  1488 | D:2      | Found a runed translucent door.
  1585 | D:2      | Noticed Jessica
  1592 | D:2      | Killed Jessica
  2016 | D:2      | Reached XP level 5. HP: 48/48 MP: 5/5
  2241 | D:2      | Noticed Crazy Yiuf
  2263 | D:2      | Killed Crazy Yiuf
  2727 | D:3      | Noticed Robin
  2735 | D:3      | Killed Robin
  2754 | D:3      | Reached skill level 1 in Dodging
  2978 | D:3      | Found Hoqoarghecw's Antique Armour Boutique.
  3055 | D:3      | Reached XP level 6. HP: 54/54 MP: 6/6
  3216 | D:3      | Bought a polished scale mail for 279 gold pieces
  3216 | D:3      | Identified the +0 scale mail of Teicepat {rF+} (You bought
                  | it in a shop on level 3 of the Dungeon)
  3659 | D:4      | Reached skill level 5 in Armour
  3797 | D:4      | Reached XP level 7. HP: 16/62 MP: 7/7
  3799 | D:4      | HP: 1/62 [gnoll/+0 flail (3)]
  3799 | D:4      | Mangled by a gnoll

Illustrated notes

Levels and vault maps discovered:
D:1:      dpeg_arrival_morbid_curiosity, layout_basic,
          minmay_misc_feat_nine_boxes, solitary_fountain,
          minmay_rat_gold_closets
D:2:      cheibrodos_greedy_goblins, layout_loops_corners, basic_altar,
          minmay_goblin_outpost, uniq_jessica, uniq_crazy_yiuf_cottage
D:3:      layout_loops_cross, serial_shops, nicolae_shop_waterfront,
          dk_vineyard_3, uniq_robin
D:4:      layout_rooms, minmay_temple_entry_enclosed_plants

Skill      XL: |  1  2  3  4  5  6 |
---------------+-------------------+-----
Fighting       | 3 |  3.7
Armour         | 4 5 |  5.0
Polearms       | 1 |  1.3
Axes           | 2 3 4 |  4.3
Dodging        | 1 |  1.2
Shields        | 4 |  4.0
Stealth        | |  0.5

Action                   |  1- 3 |  4- 6 |  7- 9 || total
-------------------------+-------+-------+-------++-------
Melee: Spear             |    73 |       |       ||    73
       Tailslap          |     8 |    28 |       ||    36
       War axe           |    32 |   195 |     3 ||   230
  Use: Scroll            |       |     4 |       ||     4
       Potion            |       |     1 |       ||     1
Armor: Scale mail        |    78 |   141 |     3 ||   222
       Plate armour      |       |    21 |       ||    21
Dodge: Dodged            |    43 |    84 |       ||   127
Block: Buckler           |    24 |    52 |     1 ||    77

Table legend: (Time is in decaauts)
 A = Elapsed time spent in this place.
 B = Non-inter-level travel time spent in this place.
 C = Inter-level travel time spent in this place.
 D = Time resting spent in this place.
 E = Time spent auto-exploring this place.
 F = Levels seen in this place.
 G = Mean time per level.
                   A        B        C        D        E       F      G
               +--------+--------+--------+--------+--------+-----+--------+
         Total |   3932 |   3932 |      0 |    576 |      0 |   4 |  983.0 |
       Dungeon |   3932 |   3932 |      0 |    576 |      0 |   4 |  983.0 |
               +--------+--------+--------+--------+--------+-----+--------+

Top non-repeatable levels by time:
     D:2: 1505 daAuts
     D:1: 1112 daAuts
     D:3: 1029 daAuts
     D:4: 285 daAuts
